 Dungeon Crawl Stone Soup version 0.20.0-10-g0535bb4 (webtiles) character file.

46 sagitran the Sneak (level 3, 0/16 HPs)
             Began as a Vine Stalker Enchanter on June 7, 2017.
             Succumbed to an adder's poison
             ... on level 3 of the Dungeon.
             The game lasted 00:53:06 (1737 turns).

sagitran the Sneak (Vine Stalker Enchanter)         Turns: 1737, Time: 00:53:07

Health: 0/16       AC:  3    Str: 10    XL:     3   Next: 66%
Magic:  3/7        EV: 12    Int: 15    God:
Gold:   83         SH:  0    Dex: 15    Spells: 0/6 levels left

rFire    x . .     SeeInvis .   a - +2 dagger
rCold    + . .     Gourm    .   (no shield)
rNeg     . . .     Faith    .   b - +1 robe
rPois    .         Spirit   +   (no helmet)
rElec    .         Reflect  .   (no cloak)
rCorr    .         Harm     .   (no gloves)
MR       .....                  (no boots)
Stlth    ++++......             (no amulet)
Regen    0.1/turn               i - ring of ice
MPRegen  0.1/turn               j - ring of stealth

@: lethally poisoned (0 -> -8)
A: fangs 2, magic shield, antimagic bite, no potion heal 3, rot immunity
a: no special abilities


You were on level 3 of the Dungeon.
You were not hungry.

You visited 1 branch of the dungeon, and saw 3 of its levels.

You collected 83 gold pieces.

Inventory:

Hand Weapons
 a - a +2 dagger (weapon)
 g - a +0 hunting sling
Missiles
 e - 61 stones (quivered)
Armour
 b - a +1 robe (worn)
Jewellery
 i - a ring of ice (left hand)
 j - a ring of stealth (right hand)
Scrolls
 h - a scroll of remove curse
Books
 c - a book of Maledictions

   Spells                             Type                      Level
   a - Corona                         Hexes                        1
   b - Ensorcelled Hibernation        Hexes/Ice                    2
   c - Confuse                        Hexes                        3
   d - Tukima's Dance                 Hexes                        3
   e - Dazzling Spray                 Conjuration/Hexes            3
Comestibles
 d - a bread ration
 f - a royal jelly


   Skills:
 + Level 0.1 Fighting
 + Level 1.1 Short Blades
 + Level 0.5 Slings
 + Level 1.7 Dodging
 + Level 4.5 Stealth
 + Level 2.4 Spellcasting
 + Level 3.3 Hexes


You couldn't memorise any spells.
You knew the following spells:

 Your Spells              Type           Power        Failure   Level  Hunger
a - Corona                Hex            ##.....      5%          1    #......
b - Ensorcelled Hibernat  Hex/Ice        ##....       16%         2    ###....
c - Confuse               Hex            ##......     16%         3    ###....


Dungeon Overview and Level Annotations

Branches:
Dungeon (3/15)

Altars:
Cheibriados
Hepliaklqana
Kikubaaqudgha
Vehumet
Xom


Innate Abilities, Weirdness & Mutations

You have extremely sharp teeth.
When hurt, damage is shared between your health and your magic reserves.
Your bite disrupts and absorbs the magic of your enemies.
Potions cannot restore your health.
You are immune to rotting.


Message History

* * * LOW HITPOINT WARNING * * *
You feel sick. The bat hits you but does no damage.
The hobgoblin shouts!
You hit the adder. Your bite misses the adder.
The adder is almost dead.
* * * LOW HITPOINT WARNING * * *
You feel sick. The bat hits you. The bat hits you but does no damage.
The adder barely misses you. The bat misses you. The adder barely misses you.
You barely miss the adder. Your bite misses the adder.
The adder is almost dead.
* * * LOW HITPOINT WARNING * * *
You feel sick. The bat barely misses you. The goblin closely misses you.
The adder barely misses you.
You barely miss the adder. Your bite misses the adder.
The adder is severely wounded.
The adder barely misses you. The goblin misses you.
The goblin closely misses you.
You barely miss the adder.
The adder is severely wounded.
You die...

########## #........#
#........# #........#
#........# ###
#%.......#
..######........#
#<....##......bg#####.##
#####.........gS@.......
#...........g###.####
#.##.........# #..
#............ #.#
#.....g...### ..
............#
g#.###..........# .g..
#..........# #......[..


You could see an adder, 2 hobgoblins, 2 goblins and a bat.

Vanquished Creatures
  An adder (D:2)
  An ooze (D:1)
  A ball python (D:1)
  3 giant cockroaches
  5 goblins
  5 hobgoblins
  6 kobolds
  2 bats
  6 frilled lizards
  2 rats
  A bush (D:2)
  A plant (D:2)
34 creatures vanquished.

Notes
Turn   | Place    | Note
-------+----------+-------------------------------------------
     0 | D:1      | sagitran the Vine Stalker Enchanter began the quest for the Orb.
     0 | D:1      | Reached XP level 1. HP: 9/9 MP: 4/4
   277 | D:1      | Reached XP level 2. HP: 3/13 MP: 3/6
   297 | D:1      | Learned a level 2 spell: Ensorcelled Hibernation
   362 | D:1      | Reached skill level 4 in Stealth
   540 | D:1      | Reached skill level 1 in Short Blades
   630 | D:2      | Found a hazy altar of Hepliaklqana.
   630 | D:2      | Found a radiant altar of Vehumet.
   630 | D:2      | Found a snail-covered altar of Cheibriados.
   913 | D:2      | Reached XP level 3. HP: 16/16 MP: 7/7
   977 | D:2      | Learned a level 3 spell: Confuse
  1043 | D:2      | Found a shimmering altar of Xom.
  1043 | D:2      | Found an ancient bone altar of Kikubaaqudgha.
  1737 | D:3      | Succumbed to an adder's poison

Skill      XL: |  1  2 |
---------------+-------+-----
Stealth        | 4 |  4.5
Short Blades   | 1 |  1.1
Fighting       | |  0.1
Slings         | |  0.5
Dodging        | |  1.7
Spellcasting   | |  2.4
Hexes          | |  3.3

Action                   || total
-------------------------++-------
Melee: Dagger            ||   309
       Bite              ||   129
 Fire: Hunting sling     ||    21
 Cast: Ensorcelled Hiber ||     1
       Confuse           ||     1
  Use: Scroll            ||     7
       Potion            ||     3
 Stab: Sleeping          ||     8
       Confused          ||     1
  Eat: Chunk             ||     2
       Meat ration       ||     1
Armor: Robe              ||    11
Dodge: Dodged            ||    47
